Map: Kairos Junction LE

Players

HeroMarine - Winner!

  • Race: Terran Terran
  • Spawn Location: 5:00

Gerald

  • Race: Protoss Protoss
  • Spawn Location: 11:00

Event: 2019 WCS Spring

VOD

Have the link to the VOD?

Description

Time

  • Played on: May 17, 2019, 7:25 a.m.
  • Length: 7:40

All games in this series

Show
View Real Time Build Order
Export as new Build Order

HeroMarine Terran - Winner!

Build Orders: Reaper Expand 

Get SALT Encoding   

  12  0:00  SCV  
  13  0:12  SCV  
  14  0:17  Supply Depot  
  14  0:24  SCV  
  15  0:38  SCV  
  15  0:40  Barracks  
  16  0:43  Refinery  
  16  0:50  SCV  
  17  1:03  SCV  
  18  1:15  SCV  
  19  1:27  Reaper, Orbital Command  
  20  1:40  Command Center  
  20  1:48  Supply Depot  
  20  1:54  SCV  
  21  1:59  Barracks Reactor  
  21  2:06  SCV  
  21  2:07  Refinery  
  22  2:18  SCV  
  23  2:23  Factory  
  23  2:30  SCV  
  23  2:36  Marine x2  
  26  2:42  SCV  
  27  2:47  Supply Depot  
  27  2:54  SCV, Marine x2  
  30  3:06  SCV  
  30  3:12  Marine x2  
  32  3:16  Widow Mine  
  32  3:18  SCV  
  32  3:19  Starport  
  32  3:29  Marine  
  32  3:30  SCV, Orbital Command, Marine  
  35  3:37  Bunker, Widow Mine  
  37  3:42  SCV  
  37  3:48  Marine x2  
  38  3:55  SCV  
  41  3:56  SCV, Medivac  
  41  3:59  Factory Tech Lab  
  44  4:05  Barracks  
  44  4:06  Marine x2  
  44  4:07  SCV  
  44  4:09  SCV  
  48  4:11  Supply Depot  
  48  4:19  SCV  
  48  4:21  SCV, Barracks  
  50  4:25  Factory Tech Lab  
  50  4:31  SCV  
  51  4:33  SCV  
  51  4:35  Marine  
  51  4:36  Raven, Marine  
  56  4:43  SCV, Refinery  
  56  4:44  Engineering Bay  
  56  4:45  SCV  
  58  4:53  Marine x2  
  58  4:55  SCV  
  58  4:57  SCV  
  58  4:58  Supply Depot  
  58  4:59  Supply Depot  
  62  5:09  Stimpack  
  62  5:11  Terran Infantry Weapons Level 1  
  62  5:19  SCV x2, Marine x2  
  62  5:20  Marauder  
  68  5:22  Supply Depot  
  68  5:24  Combat Shield  
  68  5:25  Marauder  
  70  5:30  Starport Reactor, Factory Reactor  
  70  5:31  SCV  
  70  5:32  SCV  
  70  5:33  Supply Depot  
  72  5:37  Marine x2  
  74  5:44  SCV x2, Marauder  
  74  5:47  Marauder  
  80  5:55  Marine x2  
  82  5:57  Refinery  
  82  5:58  Supply Depot  
  82  6:05  Marauder  
  82  6:08  Marauder  
  86  6:13  Widow Mine x2, Medivac, Marine x2  
  86  6:16  Supply Depot  
  94  6:19  Medivac  
  94  6:20  Supply Depot  
  96  6:27  Marauder  
  96  6:29  Marauder  
  96  6:30  Marine x2  
  101  6:45  Medivac, Widow Mine x2  
  107  6:48  Marauder, Marine x2  
  107  6:51  Marauder  
  113  6:57  Medivac  
  113  6:59  SCV x2  
  113  7:00  Command Center  
  113  7:01  Supply Depot  
  117  7:02  Supply Depot  
  117  7:12  Marine  
  117  7:13  Barracks  
  117  7:14  Barracks  
  118  7:16  Marauder x2  
  118  7:18  SCV x2  
Show
View Real Time Build Order
Export as new Build Order

Gerald Protoss 

Build Orders: 1 Gate Expand, Blink Stalkers 

Get SALT Encoding   

  12  0:01  Probe  
  13  0:13  Probe  
  14  0:17  Pylon  
  14  0:25  Probe  
  15  0:34  Probe  
  15  0:35  Gateway  
  16  0:43  Probe  
  16  0:44  Assimilator  
  17  0:53  Probe  
  18  1:05  Probe  
  19  1:17  Probe  
  20  1:23  Cybernetics Core  
  20  1:34  Nexus  
  20  1:40  Probe  
  20  1:42  Assimilator  
  21  1:47  Pylon  
  21  1:52  Probe  
  22  1:56  Adept  
  22  2:04  Warp Gate  
  22  2:05  Probe  
  25  2:16  Adept  
  25  2:17  Probe  
  25  2:22  Twilight Council  
  27  2:30  Probe  
  28  2:38  Blink  
  28  2:42  Probe  
  29  2:46  Stalker  
  29  2:49  Probe  
  32  2:54  Probe  
  33  3:01  Probe  
  34  3:06  Probe  
  35  3:14  Probe  
  35  3:18  Probe  
  35  3:19  Stalker  
  37  3:25  Pylon  
  38  3:30  Probe  
  38  3:31  Gateway  
  36  3:35  Probe  
  36  3:37  Gateway  
  37  3:42  Probe  
  37  3:48  Robotics Facility  
  38  3:51  Probe  
  38  3:54  Probe  
  40  3:59  Stalker  
  42  4:03  Probe, Pylon  
  42  4:06  Probe  
  44  4:15  Assimilator, Probe  
  45  4:19  Probe  
  45  4:20  Pylon  
  46  4:25  Stalker  
  46  4:26  Stalker  
  46  4:27  Probe  
  46  4:31  Probe  
  52  4:36  Observer  
  52  4:39  Probe  
  52  4:42  Pylon  
  52  4:43  Probe  
  55  4:49  Nexus  
  55  4:54  Stalker  
  55  4:55  Probe  
  55  4:56  Probe  
  59  5:05  Stalker x2  
  63  5:07  Probe  
  63  5:09  Observer, Probe  
  65  5:19  Probe  
  65  5:21  Charge, Probe, Pylon  
  68  5:32  Probe, Forge  
  69  5:36  Forge, Probe  
  69  5:41  Pylon  
  70  5:44  Probe  
  70  5:48  Probe  
  72  5:53  Zealot x3  
  72  5:56  Probe  
  78  6:03  Gateway  
  78  6:04  Gateway  
  78  6:05  Probe  
  79  6:12  Probe  
  79  6:16  Pylon  
  80  6:25  Zealot  
  80  6:26  Zealot  
  80  6:27  Probe  
  84  6:35  Immortal  
  84  6:38  Probe  
  87  6:41  Probe  
  87  6:42  Zealot  
  87  6:44  Pylon  
  90  6:49  Gateway  
  90  6:50  Observer, Gateway  
  90  6:53  Pylon  
  85  6:55  Zealot x2, Gateway  
  85  6:57  Probe x2  
  92  7:07  Pylon  
  91  7:08  Zealot x2  
  91  7:09  Zealot  
  97  7:18  Zealot x2  
  91  7:31  Zealot  
  91  7:32  Zealot x2  
Tags
 
Add a new tag
Caveats
  • Supply blocks, unpowered buildings, or Contaminate may cause inaccurate times.
  • Supply counts are checked every 10 seconds.